[Event "*** Titled Tuesday 3|2 Blitz"]
[Site "Chess.com"]
[Date "2016.10.04"]
[Round "9"]
[White "Lali-Rustavi"]
[Black "FearNoEvil12"]
[Result "1-0"]
[WhiteElo "1875"]
[BlackElo "2037"]
[TimeControl "180+2"]
[EndTime "12:53:32 PDT"]
[Termination "Lali-Rustavi won by resignation"]

1. e4 a6 2. d4 b5 3. c3 Bb7 4.
Nd2 Nf6 5. Bd3 e6 6. Ngf3 d6 7. O-O Nbd7 8. a4 bxa4 9. Qxa4 Rg8 10. Re1 g5 11. Nb3 g4 12. Nfd2 Rb8 13. Na5 Ba8 14.
Nc6 Bxc6 15. Qxc6 Rb6 16. Qa4 h5 17. Bxa6 g3 18. fxg3 h4 19. gxh4 Ng4 20. Nf3 Be7 21.
Bg5 Bxg5 22. Nxg5 Rxg5 23. hxg5 Qxg5 24. Bc8 Qf4 25. Qxd7+ Kf8 26. Qd8+ Kg7 27. Qh4 Rxb2 28. Rf1 Qe3+ 29. Kh1 Nf2+ 30. Rxf2 Rxf2 31. Qg3+ Qxg3 32. hxg3 Rc2 33. Ra3 c5 34. dxc5 dxc5 35. Ba6 Kf6 36.
c4 Ke5 37. Re3 Kd4 38. Re1 f5 39. exf5 exf5 40. Rf1 Ke4 41. Kh2 Ra2 42. Bb7+ Ke5 43. Bd5 Ra7 44. g4 f4 45. Re1+ Kf6 46. g3 Ra2+ 47.
Kh3 Ra3 48. Rg1 Kg5 49. Be6 Rc3 50. Kh2 Rc2+ 51. Kh1 f3 52. Rf1 Rc3 53. Kg1 Kf6 54. Bd5 Kg5 55. Rxf3 Rc1+ 56. Rf1 Rc3 57. Kg2 Kxg4 58.
Rf4+ Kg5 59. Kh3 Rc1 60. Rf7 Kg6 61. Rc7 Kg5 62. Rxc5 Kf6 63. Kg4 Ke5 64. Rc8 Kf6 65. c5 Rd1 66. Bf3 Rd4+ 67. Kh5 Rd3 68. Kg4 Rd4+ 69.
Kh3 Rd3 70. Bb7 Rd7 71. c6 Rh7+ 72. Kg2 Kg5 73. c7 Rg7 74. Bd5 Kg4 75. Rg8 1-0

[Event "*** Titled Tuesday 3|2 Blitz"]
[Site "Chess.com"]
[Date "2016.10.04"]
[Round "9"]
[White "GMNeiksans"]
[Black "Oleksandr_Bortnyk"]
[Result "0-1"]
[WhiteElo "2657"]
[BlackElo "2766"]
[TimeControl "180+2"]
[EndTime "12:53:36 PDT"]
[Termination "Oleksandr_Bortnyk won by resignation"]

1. e4 g6 2. d4 Bg7 3. Nc3 d6 4. f4 a6 5. Nf3 Nc6 6. Be3 Nf6 7. Qd2 b5 8. a3 Bb7 9. Bd3 O-O 10. h3 e5 11. fxe5 dxe5 12. dxe5 Nh5 13. Bg5 Qd7 14. O-O-O Nxe5 15. Be2 Qxd2+ 16. Rxd2 Ng3 17.
Re1 Nxe2+ 18. Rexe2 Rfe8 19. Nd5 Nc4 20. Nf6+ Bxf6 21. Bxf6 Bxe4 22. Rd1 Bxf3 23. Rxe8+ Rxe8 24. gxf3 Nd6 25. b3 Kf8 26. Rd3 Re6 27. Bg5 f6 28. Bf4 Ke7 29. h4 c6 30. a4 Nf5 31. h5 gxh5 32.
Rd2 h4 33. Rh2 Re1+ 34. Kd2 Rf1 35. Ke2 Ra1 36. axb5 axb5 37. Bd2 Ke6 38. Bb4 Rc1 39. Kd2 Rg1 40. Ke2 Ke5 41. Bc5 Rc1 42. Kd2 Rf1 43.
Ke2 Ng3+ 44. Ke3 Rd1 45. Rh3 Re1+ 46. Kd3 Rd1+ 47. Ke3 h5 48. Bb6 Kd6 49. Ba7 Kc7 50. Bc5 Rd5 51. b4 Rd1 52. Kf4 Rh1 53. Rxh1 Nxh1 54.
Bg1 Ng3 55. Bf2 Kd6 56. Ke3 Kd5 57. Kd3 Nf5 58. Bg1 h3 59. Bh2 Nd4 60. Ke3 Nxc2+ 61.
Kf4 Nxb4 62. Kf5 Nd3 63. Kxf6 b4 0-1

[Event "*** Titled Tuesday 3|2 Blitz"]
[Site "Chess.com"]
[Date "2016.10.04"]
[Round "9"]
[White "Tarlev_Konstantin"]
[Black "GMHess"]
[Result "1-0"]
[WhiteElo "2574"]
[BlackElo "2577"]
[TimeControl "180+2"]
[EndTime "12:53:37 PDT"]
[Termination "Tarlev_Konstantin won by resignation"]

1. e4 e5 2. Nf3 Nc6 3. Bb5 Nf6 4. d3 d6 5. c3 a6 6. Ba4 Bd7 7. O-O g6 8. Re1 Bg7 9. Nbd2 O-O 10.
Nf1 Re8 11. Ng3 b5 12. Bc2 Qb8 13. d4 Bg4 14. d5 Na5 15. h3 Bd7 16. b3 c6 17. dxc6 Bxc6 18. Bg5 Nb7 19. b4 a5 20. Bxf6 Bxf6 21. Bb3 axb4 22. cxb4 Nd8 23. Nh2 Ne6 24. Ng4 Bg7 25. Bxe6 fxe6 26. Qb3 Ra4 27. Rad1 h5 28. Nh2 Bf8 29. Nf3 Qa7 30. Rd2 Ra3 31. Qc2 Rc8 32. Qd1 Rxa2 33. Rxa2 Qxa2 34. Re2 Qa4 35. Qc1 Qa7 36. Rc2 Qb7 37. Qg5 Be8 38. Rxc8 Qxc8 39.
Nxh5 Bg7 40. Nxg7 Kxg7 41. Qe7+ Bf7 42. Qxd6 Qc1+ 43. Kh2 Qf4+ 44. Kh1 Qxe4 45. Nxe5 Qf4 46. Nxf7 Qc1+ 47. Kh2 Kxf7 48. Qd7+ Kf6 49. Qxb5 Qf4+ 50.
Kg1 Qc1+ 51. Qf1 Qb2 52. b5 e5 53. g3 e4 54. Qc4 Ke5 55. Qc5+ Kf6 56. Qd6+ Kg7 57. b6 Kh7 58. Qc7+ Kh6 59. b7 e3 60. Qf4+ Kg7 61. b8=Q exf2+ 62. Kf1 Qa1+ 63. Kxf2 Qa2+ 64.
Kg1 1-0

[Event "*** Titled Tuesday 3|2 Blitz"]
[Site "Chess.com"]
[Date "2016.10.04"]
[Round "9"]
[White "NTBT_DHS"]
[Black "Gordima"]
[Result "0-1"]
[WhiteElo "2453"]
[BlackElo "2561"]
[TimeControl "180+2"]
[EndTime "12:53:49 PDT"]
[Termination "Gordima won by resignation"]

1. d4 Nf6 2. c4 g6 3. Nc3 d5 4.
e3 Bg7 5. Nge2 dxc4 6. Nf4 O-O 7. Bxc4 Nbd7 8. Bxf7+ Rxf7 9. Ne6 Qe8 10. Nxc7 Qd8 11. Nxa8 b6 12. Qf3 e5 13. O-O e4 14. Nxe4 Bb7 15.
Nxf6+ Nxf6 16. Qe2 Qxa8 17. f3 a5 18. Rd1 g5 19. e4 g4 20. d5 Ba6 21. Qe3 gxf3 22. gxf3 Nd7 23. Kh1 Ne5 24. f4 Ng4 25. Qf3 h5 26. h3 Ne5 27. Qxh5 Qc8 28. fxe5 Be2 29. Qxe2 Qxh3+ 30. Kg1 Rf3 31. Qg2 Rg3 32. Rd2 Bxe5 33. Kf1 Rxg2 34. Rxg2+ Kh7 35. Bd2 Qf3+ 36. Kg1 Bd4+ 37.
Kh2 Be5+ 38. Kg1 Bd4+ 39. Kh1 Qxe4 40. d6 Be5 41. Re1 Qh4+ 42. Kg1 Bd4+ 43. Re3 Bxe3+ 44. Bxe3 Qe1+ 45. Kh2 Qxe3 46. Rg3 Qd2+ 47. Kh3 Qxd6 48. b3 Qd2 49. a4 Kh6 50. Kh4 Qf4+ 51. Kh3 Kh5 52. Kg2 Kh4 53. Rf3 Qe4 54. Kf2 Kg4 55. Re3 Qd4 56. Ke2 Kf4 57. Rd3 Qb2+ 58. Kd1 Ke4 59.
Rh3 Kd4 60. Rg3 Qf2 61. Rg4+ Kc3 62. Re4 Qf1+ 63. Re1 Qd3+ 0-1

[Event "*** Titled Tuesday 3|2 Blitz"]
[Site "Chess.com"]
[Date "2016.10.04"]
[Round "9"]
[White "LonesomeGeorge1"]
[Black "BellJackson95"]
[Result "1-0"]
[WhiteElo "2179"]
[BlackElo "2308"]
[TimeControl "180+2"]
[EndTime "12:53:58 PDT"]
[Termination "LonesomeGeorge1 won by resignation"]

1. e4 e5 2. Nf3 Nc6 3. Bc4 Nf6 4.
d3 Bc5 5. c3 O-O 6. h3 d5 7.
exd5 Nxd5 8. O-O Nb6 9. Bb3 Bf5 10. Bc2 Re8 11. Re1 a5 12. Be3 Bxe3 13. Rxe3 Nd5 14. Re1 Nf4 15. d4 Bxc2 16. Qxc2 exd4 17. Rxe8+ Qxe8 18.
cxd4 Ne2+ 19. Kh2 Nexd4 20. Nxd4 Qe5+ 21. g3 Nxd4 22. Qc3 Rd8 23. Nd2 Qe2 24. Kg2 Nb5 25.
Qxa5 b6 26. Qa6 h5 27. Nf3 Qxb2 28. Re1 Qb4 29. Re5 Nd4 30. Nxd4 Qxd4 31. Qe2 g6 32. Re7 Qd5+ 33. Kh2 Qd6 34. Qe3 Kg7 35. Qc3+ Qf6 36. Qxf6+ Kxf6 37. Rxc7 Rd6 38. Rc2 Ke6 39.
Kg2 f5 40. h4 Kf6 41. Kf3 g5 42.
hxg5+ Kxg5 43. Rc8 Rd3+ 44. Kg2 Ra3 45. f4+ Kf6 46.
Rc6+ Kg7 47. Rxb6 Rxa2+ 48. Kh3 Ra1 49. Kh4 Rg1 50. Kg5 Kh7 51. Rb7+ Kg8 52. Rb3 h4 53. Kxh4 Kf7 54. Kg5 Ke6 55. Re3+ Kd5 56. Kxf5 Kd4 57. Ra3 Kc5 58. g4 Kb4 59. Re3 Kc5 60.
g5 Kd4 61. Re5 Kd3 62. g6 Kd4 63. Kf6 Rg4 64. f5 Re4 65. Rxe4+ 1-0

[Event "*** Titled Tuesday 3|2 Blitz"]
[Site "Chess.com"]
[Date "2016.10.04"]
[Round "9"]
[White "VMikhalevski"]
[Black "ulises2013"]
[Result "1/2-1/2"]
[WhiteElo "2458"]
[BlackElo "2333"]
[TimeControl "180+2"]
[EndTime "12:54:04 PDT"]
[Termination "Game drawn - insufficient material"]

1. b3 e5 2. Bb2 Nc6 3. e3 Nf6 4.
Bb5 d6 5. Ne2 Be7 6. f4 exf4 7.
Nxf4 O-O 8. O-O a6 9. Be2 Be6 10.
Nxe6 fxe6 11. Nc3 Qd7 12. Bf3 d5 13. Ne2 e5 14. Ng3 Bd6 15. c4 dxc4 16. bxc4 Rad8 17. Ne4 Nxe4 18. Bxe4 g6 19. c5 Bxc5 20. Qb3+ Kg7 21. Qxb7 Rb8 22. Qxc6 Qxc6 23. Bxe5+ Qf6 24. Rxf6 Rxf6 25.
Rf1 Be7 26. h4 h6 27. g4 Rb5 28. Bc3 Kf7 29. Bxf6 Bxf6 30. Bd3 Ra5 31. Bc4+ Kg7 32. Kg2 Ra4 33. d3 Rb4 34. Kg3 Be5+ 35. Kf3 Rb2 36. g5 hxg5 37. hxg5 Bd6 38. a4 a5 39. Ke4 Rg2 40. Rf7+ Kh8 41. Kd5 Rxg5+ 42. Kc6 Rc5+ 43. Kd7 Re5 44. e4 g5 45. Be6 Rc5 46. d4 Rc1 47. e5 Bb4 48. d5 Bc3 49. d6 Bxe5 50. Rf5 Bxd6 51. Rxa5 Rg1 52. Ke8 Kg7 53. Rf5 Kg6 54. Rd5 Kf6 55. Bc8 Re1+ 56. Kd7 Ra1 57. Rd4 Ke5 58. Rc4 Kf6 59. Kc6 Rg1 60. a5 Ra1 61. a6 Ke5 62. Kb7 Rb1+ 63. Ka8 Ra1 64. a7 Kd5 65. Rg4 Bc5 66. Rxg5+ Kd4 67. Rxc5 Kxc5 68. Kb8 Rxa7 69. Kxa7 Kd6 70. Ba6 c5 71.
Kb6 Ke5 72. Kxc5 1/2-1/2

[Event "*** Titled Tuesday 3|2 Blitz"]
[Site "Chess.com"]
[Date "2016.10.04"]
[Round "9"]
[White "Dale"]
[Black "petrpalachev"]
[Result "0-1"]
[WhiteElo "2083"]
[BlackElo "2417"]
[TimeControl "180+2"]
[EndTime "12:54:21 PDT"]
[Termination "petrpalachev won by checkmate"]

1. Nc3 d5 2. e3 Nf6 3. Nf3 g6 4. b3 Bg7 5. Bb2 O-O 6. h3 c5 7. g4 Ne4 8. Na4 Bxb2 9. Nxb2 Nc6 10. c4 d4 11. Bg2 e5 12. Nxd4 Nxf2 13. Nxc6 Qh4 14. Ne7+ Kh8 15. Qf3 Nxh1+ 16. Kf1 Ng3+ 17. Kg1 Qxe7 18. Qxg3 Rd8 19. d3 Rb8 20. Rf1 f5 21. Bd5 Bd7 22. d4 cxd4 23. exd4 exd4 24. Re1 Qg7 25.
Nd3 fxg4 26. Ne5 Be8 27. Nxg4 Bc6 28. Be6 Bd7 29. Bd5 Bxg4 30. hxg4 Re8 31. Rf1 Rf8 32. Rd1 Rbe8 33. g5 Qe5 34. Qxe5+ Rxe5 35. Rxd4 Rxg5+ 36. Kh2 Rf2+ 37. Kh3 b6 38. b4 Rxa2 39. c5 Rc2 40. c6 Rxd5 41. Rxd5 Rxc6 42. Rd7 a5 43. bxa5 bxa5 44.
Ra7 Rc5 45. Kg4 Rf5 46. Kh4 Kg8 47. Kg4 h6 48. Kh4 h5 49. Kg3 g5 50. Kh3 Rb5 51. Kg3 Rb3+ 52. Kg2 Rb5 53. Kg3 Kf8 54. Kf3 g4+ 55. Kg3 Ke8 56. Kh4 Kd8 57. Rh7 Kc8 58. Kg3 Kb8 59. Kf4 a4 60. Rh6 Kb7 61. Ke3 a3 62. Rh7+ Kb6 63. Rh8 Ra5 64. Rb8+ Kc7 65. Rb1 a2 66. Ra1 h4 67. Kf4 Ra4+ 68. Kg5 h3 69.
Kh4 h2 70. Kg3 h1=Q 71. Rxh1 a1=Q 72. Rh7+ Kd6 73. Rh6+ Ke5 74. Rh5+ Kf6 75. Rh6+ Kg5 76. Rh1 Qxh1 77. Kf2 Qf3+ 78. Ke1 Qg2 79. Kd1 Ra1# 0-1

[Event "*** Titled Tuesday 3|2 Blitz"]
[Site "Chess.com"]
[Date "2016.10.04"]
[Round "9"]
[White "wonderfultime"]
[Black "hansen"]
[Result "1/2-1/2"]
[WhiteElo "2698"]
[BlackElo "2637"]
[TimeControl "180+2"]
[EndTime "12:54:23 PDT"]
[Termination "Game drawn by stalemate"]

1. d4 Nf6 2. c4 g6 3. Nc3 d5 4. cxd5 Nxd5 5. e4 Nxc3 6. bxc3 Bg7 7. Qa4+ c6 8. Nf3 O-O 9. Be2 Nd7 10. O-O e5 11. Bg5 Qc7 12. Rfe1 Re8 13. Qc2 exd4 14. cxd4 Nf6 15. Bc4 Be6 16. Bxe6 Rxe6 17.
d5 Ree8 18. Rad1 Qa5 19. d6 Nd7 20. h4 Qc3 21. Qb1 Rab8 22. Rd3 Qc4 23. Be7 b5 24. e5 Nc5 25. Rd4 Qe6 26. Qc2 Nd7 27. Qxc6 Rxe7 28.
Ng5 Nxe5 29. Nxe6 Nxc6 30. dxe7 fxe6 31. Rd7 Re8 32. Rxe6 Nd4 33. Re4 a6 34. Ra7 Nf5 35.
Rxa6 Kf7 36. Rb6 Nd4 37. Rb7 h5 38. g3 Bf6 39. Kg2 Kg7 40. Kh3 Kf7 41. g4 hxg4+ 42. Kxg4 Nf5 43. Rb6 Nxh4 44. Rxb5 Nf5 45. Rb6 Bxe7 46.
Kf3 Ra8 47. a4 Ra5 48. Rb5 Ra6 49. Rb7 Kf6 50. Rb8 Bd6 51. Rbe8 Ra5 52. R8e6+ Kf7 53.
Kg2 Nh4+ 54. Kf1 Nf5 55. Ke1 Bb4+ 56. Kd1 Be7 57. Rb6 Ra7 58. Kc2 Nd6 59. Rf4+ Nf5 60.
Kb3 Bg5 61. Rg4 Bd8 62. Rbxg6 Nd4+ 63. Kc4 Rxa4+ 64. Kd3 Bf6 65. Rxf6+ Kxf6 66. Rxd4 Rxd4+ 67. Kxd4 Kf5 68. Ke3 Ke5 69. Kf3 Kf5 70. Kg3 Kg5 71. Kf3 Kf5 72. Ke3 Ke5 73. Ke2 Ke4 74. Kf1 Kf3 75. Kg1 Kf4 76. Kg2 Kg4 77. f3+ Kf4 78. Kf2 Kf5 79. Ke3 Ke5 80. f4+ Kf5 81. Kf3 Kf6 82. Kg4 Kg6 83. f5+ Kf6 84. Kf4 Kf7 85. Ke5 Ke7 86. Ke4 Kf7 87. Kf4 Kf6 88. Ke4 Kf7 89. Ke5 Ke7 90. f6+ Kf7 91. Kf5 Kf8 92. Ke6 Ke8 93. Ke5 Kf8 94. Kf5 Kf7 95. Kg5 Kf8 96.
Kh6 Kf7 97. Kg5 Kf8 98. Kg6 Kg8 99. f7+ Kf8 100. Kf6 1/2-1/2

[Event "*** Titled Tuesday 3|2 Blitz"]
[Site "Chess.com"]
[Date "2016.10.04"]
[Round "9"]
[White "LornerAcosta"]
[Black "cstefan"]
[Result "1-0"]
[WhiteElo "2318"]
[BlackElo "1993"]
[TimeControl "180+2"]
[EndTime "12:54:28 PDT"]
[Termination "LornerAcosta won by resignation"]

1. Nf3 f5 2. e3 Nf6 3. c4 g6 4. b3 Bg7 5. Bb2 d6 6. Nc3 O-O 7. d4 c6 8. Be2 Na6 9. O-O Qa5 10. a3 e5 11. b4 Qc7 12. dxe5 dxe5 13. c5 Be6 14. Ng5 Qe7 15. Nxe6 Qxe6 16. Qc2 Nc7 17. f4 exf4 18. exf4 Qe3+ 19. Kh1 Rad8 20. Rad1 h5 21. Bc1 Qe7 22. Bf3 Ng4 23. Bxg4 hxg4 24. Ne2 Nd5 25. Nd4 Rde8 26. b5 Qf6 27. bxc6 bxc6 28. Qc4 Rd8 29. Ne2 Kh7 30. a4 Rfe8 31. Ng3 Nc3 32. Rxd8 Rxd8 33. Bb2 Qd4 34. Qxd4 Bxd4 35. h3 gxh3 36.
gxh3 Nxa4 37. Bxd4 Rxd4 38. h4 Nxc5 39. h5 Ne4 40.
hxg6+ Kxg6 41. Ne2 Rd2 42. Rg1+ Kf6 43. Nc1 Nf2+ 44.
Kg2 Ng4+ 45. Kf3 a5 46. Ne2 Rd3+ 47. Kg2 a4 48. Rc1 Rd6 49. Ra1 Ne3+ 50. Kf3 Rd3 51.
Rxa4 Nc2+ 52. Kf2 Kg6 53. Rc4 Rd2 54. Rxc6+ Kh5 55. Rc4 Kg4 56. Rc3 Kh4 57. Rc4 Kh5 58. Kf3 Rd3+ 59. Kf2 Rd2 60. Kf3 Kh4 61. Rc3 Kh3 62.
Rb3 Rxe2 63. Kxe2+ Kg4 64. Rd3 Nb4 65. Rd6 Kg3 66. Kd2 Kf3 67. Kc3 Na2+ 68. Kb2 Nb4 69. Kb3 Kxf4 70. Kxb4 Ke3 71. Kc3 f4 72. Re6+ Kf2 73.
Kd2 f3 74. Rf6 Kg3 75. Ke3 f2 1-0

[Event "*** Titled Tuesday 3|2 Blitz"]
[Site "Chess.com"]
[Date "2016.10.04"]
[Round "9"]
[White "platy3"]
[Black "Lukianoo"]
[Result "1-0"]
[WhiteElo "2747"]
[BlackElo "2732"]
[TimeControl "180+2"]
[EndTime "12:54:58 PDT"]
[Termination "platy3 won by resignation"]

1. e4 c6 2. d4 d5 3. Nc3 a6 4.
Nf3 Bg4 5. Be2 e6 6. O-O Nf6 7. h3 Bh5 8. e5 Nfd7 9. Ng5 Bxe2 10. Qxe2 Be7 11. Qh5 g6 12. Qg4 h5 13. Qg3 Qb6 14. Ne2 c5 15. c3 Nc6 16. Nxe6 h4 17. Ng7+ Kf8 18. Ne6+ Kg8 19. Qd3 cxd4 20. N6xd4 Ndxe5 21. Qc2 Rc8 22. Be3 Nc4 23. Nf4 Nxe3 24. fxe3 Nxd4 25.
exd4 Qxd4+ 26. Kh1 Kg7 27. Qe2 Qe4 28. Qg4 Qf5 29.
Qxf5 gxf5 30. Nxd5 Bg5 31. Rxf5 Kg6 32. Raf1 Rhd8 33.
Re5 Re8 34. Nf4+ Kh6 35. Rf5 f6 36. Nd5 Re5 37. Rxe5 fxe5 38. Re1 Re8 39. g4 hxg3 40. Kg2 Kg6 41. Kxg3 Kf5 42. h4 Bf4+ 43. Kf3 e4+ 44. Ke2 Bg3 45. Rf1+ Ke5 46. Nf6 Rh8 47. h5 Bh4 48.
Ng4+ Ke6 49. h6 Bg5 50. a4 b5 51. a5 Bd8 52. Ke3 Rg8 53. Nf2 Bg5+ 54. Kxe4 Bxh6 55. Nd3 Rg2 56. Re1 Kd6 57. Rh1 Re2+ 58. Kf5 Re6 59.
Rd1 Ke7 60. Nc5 Rc6 61. Re1+ Kf7 62. Ne4 Ke7 63. Rh1 Kf7 64. Ke5 Rg6 65. b3 Ke7 66. c4 bxc4 67. bxc4 Bg7+ 68. Kd5 Kd7 69. c5 Bf8 70. Rb1 Kc7 71. Rf1 Be7 72. Rf7 Kd8 73.
Rh7 Rg1 74. Kc6 Bf8 75. Nd6 Bxd6 76. Rh8+ Ke7 77. cxd6+ Ke6 78. Re8+ Kf7 79. d7 Rc1+ 80. Kb7 Rd1 81. d8=Q 1-0

[Event "*** Titled Tuesday 3|2 Blitz"]
[Site "Chess.com"]
[Date "2016.10.04"]
[Round "9"]
[White "wannabe2700"]
[Black "ChessSkool"]
[Result "0-1"]
[WhiteElo "2300"]
[BlackElo "2523"]
[TimeControl "180+2"]
[EndTime "12:55:32 PDT"]
[Termination "ChessSkool won on time"]

1. e4 c6 2. d4 d5 3. e5 c5 4. Nf3 Bg4 5. dxc5 Nc6 6. c4 dxc4 7. Qxd8+ Rxd8 8. Bxc4 Nxe5 9. Bb5+ Bd7 10. Bxd7+ Nxd7 11.
Be3 Ngf6 12. Nc3 g6 13. Nb5 Bg7 14. Nc7+ Kf8 15. O-O Rc8 16. Nb5 a6 17. Na7 Rc7 18. Rac1 Nd5 19. c6 bxc6 20. Rxc6 Rxc6 21. Nxc6 Nxe3 22.
fxe3 Bxb2 23. Rb1 Bf6 24. Rb7 Nc5 25. Rc7 Kg7 26. Nxe7 Ne6 27. Ra7 Bxe7 28. Rxe7 Rc8 29. Ra7 Rc1+ 30. Kf2 Rc2+ 31. Kg3 Rxa2 32. Ne5 Ng5 33. h4 Ne4+ 34. Kf4 Nd6 35. Rd7 Ra4+ 36. Kf3 Kf6 37. Nd3 Nf5 38. g3 h5 39. e4 Nh6 40.
e5+ Kf5 41. Rd5 Ra3 42. Ke3 Ng4+ 43. Kd4 Ra4+ 44. Kc3 Ra3+ 45. Kb4 Ra1 46. Nc5 Nxe5 47. Kb3 Rg1 48. Nd3 f6 49. Nc5 Rxg3+ 50. Kc2 Rh3 51.
Rd1 Rxh4 52. Rf1+ Rf4 53. Rg1 Rc4+ 54. Kd2 Rxc5 55. Ke3 Ng4+ 56. Kf3 Rc3+ 57. Ke2 Rc2+ 58. Kd3 Rf2 59. Kd4 Kg5 60. Ke4 f5+ 61. Kd5 h4 62.
Ke6 h3 63. Kf7 h2 64. Rd1 Rg2 65. Rd6 Ne5+ 66. Ke6 Re2 67. Rd1 Nf3+ 68. Kf7 Re1 69. Rd6 Ne5+ 70. Kg8 h1=Q 71. Rd8 a5 72. Rb8 a4 73.
Rd8 a3 74. Rf8 Qd5+ 75. Kg7 Qd7+ 76. Kg8 Qe6+ 77. Kg7 Qe7+ 78. Kg8 a2 79. Rf6 Qxf6 80. Kh7 a1=B 0-1

[Event "*** Titled Tuesday 3|2 Blitz"]
[Site "Chess.com"]
[Date "2016.10.04"]
[Round "9"]
[White "Paralinch"]
[Black "Iuri_Shkuro"]
[Result "1/2-1/2"]
[WhiteElo "2587"]
[BlackElo "2526"]
[TimeControl "180+2"]
[EndTime "12:56:09 PDT"]
[Termination "Game drawn by repetition"]

1. e4 Nc6 2. Nc3 e6 3. d4 d5 4. Bb5 dxe4 5. Nxe4 Qd5 6. Qe2 Bd7 7. c3 Nf6 8. Nxf6+ gxf6 9. Nf3 O-O-O 10. Bf4 Rg8 11. Bg3 h5 12. Bc4 Qf5 13. Bd3 Qg4 14. O-O-O f5 15.
Kb1 Bg7 16. Rhg1 Bf6 17. h3 Qg7 18. Bh2 Rge8 19. Rde1 h4 20. Qe3 Kb8 21. Qf4 Rc8 22.
Bc2 Ne7 23. Qd2 Nd5 24. Be5 Bxe5 25. Nxe5 f6 26. Nf3 Bc6 27. Nxh4 Rcd8 28. g3 b6 29. Rd1 a5 30. Rge1 f4 31. gxf4 Qh6 32. Ng2 Qxh3 33. Ne3 Nxf4 34. Nf5 Ng2 35. Rh1 Qf3 36. Nh4 Nxh4 37.
Rxh4 e5 38. b3 Bb7 39. Qe3 Qc6 40. Qd2 Rd6 41. Kb2 Red8 42. Qe3 exd4 43. Rhxd4 Rxd4 44.
Rxd4 Rxd4 45. Qxd4 Qd6 46. Qxd6 cxd6 47. c4 d5 48. Kc3 dxc4 49. Kxc4 Kc7 50. Kd4 Kd6 51.
a3 Bc6 52. b4 axb4 53. axb4 Bd5 54. Ba4 Bf3 55. Bb5 Bb7 56. Be2 Bd5 57. Bd3 Bb7 58.
f4 Bc6 59. Be4 Bd7 60. Bd5 Bf5 61. Bg2 Bd7 62. Bh1 Be8 63. Bf3 Bd7 64. Kc4 Be8 65.
Bg4 Bc6 66. Kd4 Bd5 67. Bd7 Bb7 68. Bb5 Bd5 69. Bd3 Bb7 70. Be4 Bc8 71. Bf3 Bd7 72. Bd1 Be6 73. Ba4 Bd5 74. Bb5 Bb7 75. Bd3 Bd5 76.
Bc2 Bb7 77. Kc4 Ba6+ 78. Kd4 Bb7 79. Be4 Bc8 80. Bd5 Bf5 81. Bf3 Bd7 82. Kc4 Be8 83.
Bd5 Bd7 84. Bf7 Bc6 85. Kd4 Bb7 86. Bc4 Bc6 87. Bd3 Bb7 88. Bb5 Bc8 89. Ke4 Be6 90. Be2 Bd7 91. Bh5 Be6 92. Bg6 Bd7 93. Bf5 Bc6+ 94. Kd4 Bb7 95. Bg4 Bc6 96. Bh3 Bd5 97.
Bd7 Bb7 98. Bb5 Bd5 99. Bd3 Bc6 100. Be4 Bd7 101. Bd3 Bc6 102. Bc4 Bb7 103. Bd3 Bc6 104. Be4 Bd7 105. Bd5 Bb5 106. Bc4 Bc6 107. Bd3 Bd7 108. Be4 Be6 109. Bg6 Bd7 110. Bd3 Bc6 1/2-1/2

[Event "*** Titled Tuesday 3|2 Blitz"]
[Site "Chess.com"]
[Date "2016.10.04"]
[Round "9"]
[White "mwpchess"]
[Black "DavitZarkua"]
[Result "1-0"]
[WhiteElo "2475"]
[BlackElo "2493"]
[TimeControl "180+2"]
[EndTime "12:57:54 PDT"]
[Termination "mwpchess won by checkmate"]

1. e4 g6 2. d4 Bg7 3. c3 Nf6 4.
Bd3 O-O 5. Nf3 c5 6. e5 Nd5 7. dxc5 Nc6 8. Bc2 Nc7 9. Qe2 d6 10. exd6 exd6 11. cxd6 Re8 12. Be3 Nd5 13. O-O Bg4 14.
Nbd2 Bh6 15. Qc4 Nxe3 16. fxe3 Bxe3+ 17. Kh1 Be6 18. Qd3 Bf5 19. Qd5 Bxc2 20. Nd4 Bxd4 21. Rxf7 Re5 22. Qc4 b5 23. Qxc6 Kxf7 24. cxd4 Qc8 25.
Qxc8 Rxc8 26. dxe5 Bd3 27. Nf3 Ke6 28. Rd1 Bc4 29.
b3 Bd5 30. Kg1 Bxf3 31. gxf3 Kxe5 32. d7 Rd8 33. Kf2 Ke6 34. Ke3 Rxd7 35. Rxd7 Kxd7 36.
Kf4 Ke6 37. Kg5 Kf7 38. h3 Kg7 39. h4 h6+ 40. Kf4 Kf6 41. b4 a6 42. a3 h5 43.
Ke4 g5 44. hxg5+ Kxg5 45. Ke5 h4 46. f4+ Kg6 47. Ke6 h3 48. f5+ Kg7 49. Ke7 h2 50. f6+ Kg6 51. f7 h1=Q 52. f8=Q Qb7+ 53. Kd6 Qb6+ 54. Kd5 Qb7+ 55. Kd4 Qd7+ 56. Kc5 Qa7+ 57. Kc6 Qe3 58. Qd6+ Kf7 59. Qd5+ Ke8 60. Qd7+ Kf8 61. Qf5+ Ke8 62. Qc8+ Ke7 63. Qb7+ Ke8 64. Qxa6 Qe6+ 65. Kxb5 Qd5+ 66. Ka4 Qd1+ 67. Ka5 Kd8 68. Qa8+ Kc7 69. a4 Qh5+ 70. b5 Qe5 71. Qa7+ Kc8 72. Qb6 Qf4 73. Qc6+ Kb8 74. b6 Qd2+ 75. Kb5 Qd3+ 76. Qc4 Qd7+ 77. Kb4 Qd2+ 78. Qc3 Qd6+ 79. Ka5 Kb7 80. Qf3+ Kb8 81. Qe4 Qc5+ 82. Ka6 Qc8+ 83. Kb5 Qd7+ 84. Kb4 Qd6+ 85. Kb5 Qd7+ 86. Kc5 Qc8+ 87. Qc6 Qf5+ 88. Qd5 Qc8+ 89.
Kb5 Qe8+ 90. Ka5 Qf8 91. Qe5+ Ka8 92. Qe4+ Kb8 93. Qd4 Qe7 94. Kb5 Qe8+ 95. Kb4 Qe7+ 96.
Qc5 Qe1+ 97. Kb5 Qe2+ 98. Ka5 Qd2+ 99. Kb5 Qd3+ 100. Ka5 Qd2+ 101. Ka6 Qd3+ 102. Qb5 Qe4 103. Qd7 Qc4+ 104. Ka5 Qc5+ 105. Qb5 Qe3 106. Qd5 Qc3+ 107. Kb5 Qb2+ 108. Kc5 Qc3+ 109. Qc4 Qe5+ 110. Kc6 Qf6+ 111. Kd7 Qg7+ 112. Kc6 Qf6+ 113. Kc5 Qe5+ 114. Qd5 Qc3+ 115. Kb5 Qb2+ 116. Ka5 Qc3+ 117. Ka6 Qc8+ 118. b7 Qe8 119. Qd6# 1-0